 Dungeon Crawl Stone Soup version 0.22-a0-44-geb883ae (webtiles) character file.

69328 gmonis the Bludgeoner (level 14, -13/137 HPs)
             Began as a Minotaur Berserker on Jan 5, 2018.
             Was a High Priest of Trog.
             Mangled by an orc knight
             ... wielding a +1 great sword
              (16 damage)
             ... on level 10 of the Dungeon.
             The game lasted 02:31:01 (28695 turns).

gmonis the Bludgeoner (Minotaur Berserker)         Turns: 28695, Time: 02:31:01

Health: -13/137    AC: 18    Str: 26    XL:     14   Next: 90%
Magic:  13/13      EV:  9    Int:  5    God:    Trog [*****.]
Gold:   1864       SH:  0    Dex: 12    Spells: 13/13 levels left

rFire    + . .     SeeInvis +   e - +5 dire flail "Caak" {speed, *Slow +Fly rC+ rN+}
rCold    + + .     Gourm    .   (shield currently unavailable)
rNeg     + . .     Faith    .   Y - +4 plate armour {rC+}
rPois    +         Spirit   .   (helmet restricted)
rElec    .         Reflect  .   (no cloak)
rCorr    .         Harm     .   M - +0 pair of gloves
MR       +++..                  (no boots)
Stlth    ..........             (no amulet)
HPRegen  1.32/turn              h - ring of poison resistance
MPRegen  0.13/turn              i - ring of see invisible

@: about to teleport, regenerating
A: retaliatory headbutt, horns 2, see invisible, deformed body, fire resistance
1, poison resistance, strong 1, evolution 1
a: Berserk, Trog's Hand, Brothers in Arms, Burn Spellbooks, Renounce Religion,
Evoke Flight


You were on level 10 of the Dungeon.
You worshipped Trog.
Trog was extremely pleased with you.
You were not hungry.

You visited 4 branches of the dungeon, and saw 20 of its levels.
You also visited: Ossuary, Ice Cave and Volcano.

You collected 1864 gold pieces.

Inventory:

Hand Weapons
 a - a +2 dire flail of protection
 b - a +0 hunting sling
 e - the +5 dire flail "Caak" (weapon) {speed, *Slow +Fly rC+ rN+}
   (Trog gifted it to you on level 5 of the Lair of Beasts)

   Attacks with this weapon are significantly faster.
   It protects you from cold.
   It protects you from negative energy.
   It lets you fly.
   It may slow you when you take damage.
 m - a +2 trident of protection
 u - a +1 battleaxe of freezing
 w - a +3 morningstar of holy wrath
 S - a +0 battleaxe of flaming
 T - a +4 great mace of flaming
 V - a +2 morningstar of protection
 W - the +8 trident of the Octopus King {venom, rElec rPois MR+}
   (You took it off a crimson imp on level 10 of the Dungeon)

   It poisons the flesh of those it strikes.
   It insulates you from electricity.
   It protects you from poison.
   It affects your resistance to hostile enchantments.
Missiles
 g - 645 stones (quivered)
Armour
 t - a +2 cloak of cold resistance
 M - a +0 pair of gloves (worn)
 R - a +1 ring mail of fire resistance
 Y - a +4 plate armour of cold resistance (worn)
Jewellery
 f - an uncursed amulet of harm
 h - a ring of poison resistance (left hand)
 i - a ring of see invisible (right hand)
 N - an uncursed ring of stealth
Wands
 p - a wand of paralysis (19)
 s - a wand of polymorph (40)
 D - a wand of acid (10)
 H - a wand of iceblast (14)
 I - a wand of scattershot (6)
 P - a wand of disintegration (26)
Scrolls
 d - 7 scrolls of teleportation
 j - 3 scrolls of enchant armour
 k - 6 scrolls of remove curse
 n - 5 scrolls of identify
 v - 3 scrolls of magic mapping
 y - 3 scrolls of enchant weapon
 C - a scroll of fog
 G - a scroll of fear
 J - 3 scrolls of immolation
 L - a scroll of torment
 Q - a scroll of blinking
Potions
 l - 3 potions of flight
 o - 6 potions of might
 q - 2 potions of lignification
 r - 4 potions of curing
 x - a potion of cancellation
 z - 3 potions of agility
 A - 4 potions of haste
 B - 4 potions of resistance
 E - 5 potions of berserk rage
 F - 2 potions of mutation
 K - a potion of brilliance
 O - a potion of experience
 U - 3 potions of invisibility
 X - a potion of ambrosia
Comestibles
 c - 26 rations


   Skills:
 - Level 16.0 Fighting
 + Level 19.4 Maces & Flails
 - Level 17.0 Armour
 - Level 2.1 Dodging


You had 13 spell levels left.
You didn't know any spells.

Dungeon Overview and Level Annotations

Branches:
Dungeon (12/15)            Temple (1/1) D:6            Lair (6/6) D:8
 Shoals (0/4) Lair:4        Snake (0/4) Lair:4        Slime (0/5) Lair:5
    Orc (1/2) D:10

Altars:
Ashenzari
Cheibriados
Dithmenos
Elyvilon
Fedhas
Gozag
Hepliaklqana
Kikubaaqudgha
Makhleb
Nemelex Xobeh
Okawaru
Qazlal
Ru
Sif Muna
Trog
Uskayaw
Vehumet
Wu Jian
Xom
Yredelemnul
Zin
The Shining One

Portals:
Hell: Lair:6
Trove: D:12 (give 15 potions of curing)

Annotations:
Lair:1 exclusion: 4 oklob plants
Lair:2 exclusion: 3 oklob plants
Lair:4 exclusion: oklob plant
Lair:5 exclusion: 3 oklob plants


Innate Abilities, Weirdness & Mutations

You reflexively headbutt those who attack you in melee.
You have a pair of horns on your head.
You have supernaturally acute eyesight. (SInv)
Armour fits poorly on your strangely shaped body.
Your flesh is heat resistant. (rF+)
Your system is resistant to poisons. (rPois)
Your muscles are strong. (Str +2)
You evolve.


Message History

The orc warrior hits you with a long sword.
The orc knight hits you with an enchanted great sword!!
* * * LOW HITPOINT WARNING * * *
The orc hits you but does no damage.
As you read the scroll of teleportation, it crumbles to dust.
You feel strangely unstable. The orc warrior barely misses you.
Your two-headed ogre hits the orc warrior with a giant spiked club!
Your two-headed ogre hits the orc warrior with a giant club!!
The orc warrior dies!
Trog accepts your kill.
The orc priest mumbles some strange prayers to Beogh against you.
Beogh smites you!
* * * LOW HITPOINT WARNING * * *
The orc warrior hits you with a long sword.
* * * LOW HITPOINT WARNING * * *
The orc hits you but does no damage.
You bludgeon the orc knight!!
The orc knight is moderately wounded.
The orc knight hits you with an enchanted great sword!
You die...

##############
#...##))......
#######.#[[))######▓
#8...8#.#[####.....▓
#.oo).#.#.####.▓▓▓.▓
#..@o.'.#....#∩▓)▓..
#.o)o.#.#....##▓▓▓##
#8..O8#.#...........
#######.#....#######
#.............'...
#.............####
#...[.........###.
#############'##..
#....#..


You could see an orc knight, 2 orc warriors, an orc priest, an orc and a
friendly two-headed ogre (berserk).

Vanquished Creatures
  Kirke (Lair:5)
  A hell beast (Lair:6)
  6 hydras
  Harold (Lair:1)
  A catoblepas (Lair:5)
  6 two-headed ogres
  3 death yaks
  3 unseen horrors (D:12)
  A wizard (Lair:6)
  A wolf spider zombie (D:12)
  4 ugly things
  A cyclops (D:10)
  12 elephants
  A centaur zombie (D:11)
  An ice statue (IceCv)
  2 black mambas
  An orange demon (Lair:6)
  16 spiny frogs
  A gargoyle (D:10)
  4 komodo dragons
  7 rime drakes
  2 ice devils (Lair:6)
  4 trolls
  A red devil (Lair:6)
  2 tengu conjurers (D:10)
  A hornet (D:12)
  3 meliai
  16 polar bears (IceCv)
  A queen bee (Lair:5)
  12 blink frogs
  A snapping turtle (Lair:4)
  10 hippogriffs
  2 shadows
  2 wraiths
  2 vampires
  6 fire bats (Volcano)
  2 wyverns
  35 yaks
  3 hungry ghosts
  2 basilisks (Lair:5)
  A hog (Lair:5)
  A fire elemental (D:12)
  2 steam dragons (Lair:5)
  A naga (Lair:4)
  5 hell hounds
  8 porcupines
  15 water moccasins
  3 ice beasts
  4 orc warriors
  3 sky beasts
  2 phantoms (D:10)
  2 necrophages
  An eye of draining (D:10)
  A black bear (D:7)
  8 ogres
  12 wolves
  14 centaurs
  16 crocodiles
  5 big kobolds
  16 bullfrogs
  A gnoll sergeant (D:10)
  2 water moccasin zombies (Ossuary)
  4 scorpions
  41 killer bees
  15 wights
  2 electric eels (D:10)
  8 howler monkeys
  6 lava snakes (Volcano)
  2 quasits
  10 crimson imps
  4 jellies
  3 bullfrog zombies
  A centaur skeleton (D:9)
  6 hounds
  2 orc priests
  11 orc wizards
  3 bullfrog skeletons
  Terence (D:2)
  Jessica (D:3)
  5 iguanas
  16 worker ants
  Natasha (thrice) (D:4)
  4 big kobold zombies (Ossuary)
  4 hound zombies
  A hound skeleton (D:9)
  2 mummies (Ossuary)
  A worker ant zombie (D:8)
  18 gnolls
  8 adders
  4 shadow imps
  A worm zombie (D:4)
  7 adder zombies
  2 worms
  A dart slug (D:3)
  8 leopard geckos
  23 orcs
  2 giant cockroaches
  2 gnoll zombies (Ossuary)
  19 goblins
  37 hobgoblins
  13 jackals
  5 quokkas
  7 bats
  3 frilled lizards
  3 hobgoblin zombies (Ossuary)
  18 kobolds
  6 kobold zombies (Ossuary)
  A leopard gecko zombie (D:5)
  6 orc zombies (Ossuary)
  A quokka skeleton (D:7)
  4 rats
  A plant (Lair:5)
660 creatures vanquished.

Vanquished Creatures (collateral kills)
  A frost giant (IceCv)
  Azrael (D:12)
  5 two-headed ogres (Volcano)
  An ogre mage (Volcano)
  A hell knight (Volcano)
  A hellwing (Lair:6)
  An ice devil (Lair:6)
  A red devil (Lair:6)
  A troll (D:10)
  2 hell hounds (D:12)
  An ogre (D:10)
  2 orc warriors (D:10)
  2 big kobolds (D:10)
  A gnoll sergeant (D:10)
  2 gnolls (D:10)
  6 orcs (D:10)
29 creatures vanquished.

Vanquished Creatures (others)
  A polar bear (IceCv)
  3 humans
  A killer bee zombie (D:10)
  19 fungi (D:8)
  5 plants
29 creatures vanquished.

Grand Total: 718 creatures vanquished

Notes
Turn   | Place    | Note
-------+----------+-------------------------------------------
     0 | D:1      | gmonis the Minotaur Berserker began the quest for the Orb.
     0 | D:1      | Reached XP level 1. HP: 19/19 MP: 0/0
   120 | D:1      | Reached skill level 4 in Maces & Flails
   292 | D:1      | Reached XP level 2. HP: 17/26 MP: 1/1
   521 | D:1      | Found a shattered altar of Ashenzari.
  1302 | D:2      | Reached skill level 5 in Maces & Flails
  1333 | D:2      | Noticed Terence
  1341 | D:2      | Killed Terence
  1341 | D:2      | Reached XP level 3. HP: 31/31 MP: 2/2
  1565 | D:2      | Reached ** piety under Trog
  1580 | D:2      | Reached skill level 6 in Maces & Flails
  1580 | D:2      | Reached XP level 4. HP: 19/39 MP: 3/3
  2051 | D:3      | Noticed Jessica
  2085 | D:3      | Killed Jessica
  2085 | D:3      | Reached skill level 7 in Maces & Flails
  2085 | D:3      | Reached XP level 5. HP: 44/45 MP: 4/4
  2868 | D:4      | Reached skill level 8 in Maces & Flails
  2878 | D:4      | Reached XP level 6. HP: 51/51 MP: 5/5
  2999 | D:4      | Reached skill level 9 in Maces & Flails
  3001 | D:4      | Reached *** piety under Trog
  3004 | D:4      | Found a sand-covered staircase.
  3014 | Ossuary  | Entered an ossuary
  3313 | Ossuary  | Reached XP level 7. HP: 45/57 MP: 6/6
  3443 | Ossuary  | Reached skill level 10 in Maces & Flails
  3812 | D:4      | Reached **** piety under Trog
  3832 | D:4      | Received a gift from Trog
  4093 | D:4      | Noticed Natasha
  4100 | D:4      | Killed Natasha
  4329 | D:4      | Noticed Natasha
  4334 | D:4      | Killed Natasha
  4493 | D:4      | Reached skill level 11 in Maces & Flails
  4560 | D:4      | Reached XP level 8. HP: 29/64 MP: 7/7
  4729 | D:4      | Noticed Natasha
  4738 | D:4      | Killed Natasha
  5280 | D:5      | Entered Level 5 of the Dungeon
  5389 | D:5      | Reached skill level 12 in Maces & Flails
  5808 | D:5      | Found a radiant altar of Vehumet.
  6030 | D:5      | Reached skill level 13 in Maces & Flails
  6840 | D:6      | Noticed a hippogriff
  6859 | D:6      | Killed a hippogriff
  7024 | D:6      | Reached XP level 9. HP: 50/70 MP: 8/8
  7028 | D:6      | Reached ***** piety under Trog
  7049 | D:6      | Reached skill level 14 in Maces & Flails
  7490 | D:6      | Found an opulent altar of Gozag.
  7735 | D:6      | Found a staircase to the Ecumenical Temple.
  7769 | Temple   | Entered the Ecumenical Temple
  8021 | D:6      | Reached skill level 5 in Armour
  8522 | D:7      | Reached skill level 5 in Fighting
  8912 | D:7      | Received a gift from Trog
  9636 | D:8      | Found a hazy altar of Hepliaklqana.
  9692 | D:8      | Reached skill level 15 in Maces & Flails
  9694 | D:8      | Reached XP level 10. HP: 61/81 MP: 9/9
 10341 | D:8      | Found a staircase to the Lair.
 10416 | D:8      | Found a glowing golden altar of the Shining One.
 10561 | D:9      | Reached skill level 16 in Maces & Flails
 11750 | D:9      | Received a gift from Trog
 11859 | D:10     | Entered Level 10 of the Dungeon
 11947 | D:11     | Noticed a two-headed ogre
 11978 | D:10     | You fall through a shaft!
 12232 | D:11     | Killed a two-headed ogre
 12364 | D:11     | Reached XP level 11. HP: 66/94 MP: 10/10
 12535 | D:11     | Noticed a two-headed ogre
 12545 | D:11     | Killed a two-headed ogre
 12736 | D:11     | Reached skill level 10 in Armour
 12845 | D:11     | Noticed a purple ugly thing
 12852 | D:11     | Killed a purple ugly thing
 12926 | D:10     | Noticed a two-headed ogre
 12935 | D:10     | Killed a two-headed ogre
 13451 | D:10     | Noticed a two-headed ogre
 13475 | D:10     | Killed a two-headed ogre
 13475 | D:10     | Reached skill level 10 in Fighting
 14317 | D:10     | Found a staircase to the Orcish Mines.
 15230 | D:11     | Reached XP level 12. HP: 96/110 MP: 11/11
 15853 | D:12     | Noticed a two-headed ogre
 15867 | D:12     | Killed a two-headed ogre
 16127 | D:12     | Found a portal to a secret trove of treasure.
 16156 | D:12     | Received a gift from Trog
 16232 | D:12     | Noticed a two-headed ogre
 16244 | D:12     | Killed a two-headed ogre
 16270 | D:12     | Found a frozen archway.
 16293 | IceCv    | Entered an ice cave
 17560 | IceCv    | Noticed a frost giant
 18106 | IceCv    | Killed a frost giant
 18106 | IceCv    | Reached XP level 13. HP: 72/123 MP: 12/12
 18668 | D:12     | Reached skill level 15 in Armour
 18747 | D:12     | Noticed Azrael
 18767 | D:12     | Killed Azrael
 19440 | D:12     | Gained mutation: Your system is resistant to poisons. (rPois) [potion of mutation]
 19440 | D:12     | Gained mutation: Your flesh is heat resistant. (rF+) [potion of mutation]
 19440 | D:12     | Gained mutation: Armour fits poorly on your strangely shaped body. [potion of mutation]
 19440 | D:12     | Gained mutation: You evolve. [potion of mutation]
 19529 | Lair:1   | Entered Level 1 of the Lair of Beasts
 19556 | Lair:1   | Found a dark tunnel.
 19562 | Volcano  | Entered a volcano
 19933 | Volcano  | Found a burning altar of Makhleb.
 19956 | Volcano  | Found a bloodstained altar of Trog.
 20092 | Lair:1   | Reached skill level 15 in Fighting
 20359 | Lair:1   | Noticed Harold
 20374 | Lair:1   | Killed Harold
 21382 | Lair:2   | Received a gift from Trog
 21841 | Lair:2   | Found a blossoming altar of Fedhas.
 22833 | Lair:3   | Upgraded the game from 0.22-a0-42-g002c468 to 0.22-a0-44-geb883ae
 23404 | Lair:4   | Reached XP level 14. HP: 127/137 MP: 13/13
 23547 | Lair:4   | Found a staircase to the Snake Pit.
 23877 | Lair:4   | Found a staircase to the Shoals.
 24271 | Lair:4   | Gained mutation: Your muscles are strong. (Str +2) [evolution]
 25144 | Lair:5   | Reached skill level 17 in Maces & Flails
 25320 | Lair:5   | Received a gift from Trog
 25354 | Lair:5   | Got a dazzling dire flail {god gift}
 25408 | Lair:5   | Identified the +5 dire flail "Caak" {speed, *Slow +Fly rC+ rN+} (Trog gifted it to you on level 5 of the Lair of Beasts)
 25679 | Lair:5   | Noticed Kirke
 26172 | Lair:5   | Killed Kirke
 26205 | Lair:5   | Gained mutation: You have supernaturally acute eyesight. (SInv) [evolution]
 26289 | Lair:5   | Reached skill level 18 in Maces & Flails
 26643 | Lair:5   | Found a staircase to the Slime Pits.
 26708 | Lair:6   | Entered Level 6 of the Lair of Beasts
 27547 | Lair:6   | Reached skill level 19 in Maces & Flails
 27571 | Lair:6   | Found a burning altar of Makhleb.
 27838 | Lair:6   | Found a gateway to Hell.
 27990 | Lair:6   | Received a gift from Trog
 28669 | Orc:1    | Entered Level 1 of the Orcish Mines
 28694 | D:10     | HP: 2/137 [orc warrior/long sword[an orc knight] (6)]
 28695 | D:10     | Mangled by an orc knight

Vault maps used:
D:1:      minmay_arrival_semitransparent, evilmike_ruin_ashenzari
D:2:      uniq_terence
D:3:      first_ration, uniq_jessica
D:4:      minmay_goblin_kobold_castle, enter_ossuary_3, uniq_natasha
D:5:      lemuel_round_altar, nrook_uturn
D:6:      hangedman_cross_stitches, nicolae_gozag_seed_capital, temple_green,
          hangedman_decor_peaks_small, corexii_checkpoint_a
D:7:      minivault_4
D:8:      lemuel_round_altar, nicolae_tso_carved_into_rock,
          due_lair_maze_entry_diamond
D:10:     minmay_the_grid_3x3, kennysheep_orc_monster_closet_entryway,
          enter_bailey_8, grunt_tengu_nest
D:12:     enter_trove_3, portal_ice_cave_rime, uniq_azrael
Temple:   regret_index_temple_mists
Lair:1:   enter_volcano_2, minivault_23, grunt_megastairs_5,
          minmay_lair_oklob_chamber, uniq_harold
Lair:2:   minmay_lair_oklob_tunnel, tgw_fedhas, grunt_megastairs_3
Lair:3:   serial_bayou_shore_a
Lair:4:   dpeg_oklob_shooting_range, minmay_shoals_entry_hut,
          guppyfry_snake_entry_garden
Lair:5:   hangedman_what_comes_after_a, slime_dummy, uniq_kirke
Lair:6:   evil_forest, serial_bayou_crossing
Ossuary:  ossuary_tomb_2
IceCv:    ice_cave_small_giant
Volcano:  volcano_grotto

Skill      XL: |  1  2  3  4  5  6  7  8  9 10 11 12 13 14 |
---------------+-------------------------------------------+-----
Maces & Flails | 4 5 6 7 8 9 11 13 15 16 19 | 19.4
Armour         | 6 9 12 14 16 17 | 17.0
Fighting       | 5 8 11 13 16 | 16.0
Dodging        | |  2.1

Action                   |  1- 3 |  4- 6 |  7- 9 | 10-12 | 13-15 || total
-------------------------+-------+-------+-------+-------+-------++-------
Melee: Mace              |    60 |   156 |   470 |       |       ||   686
       Headbutt          |     9 |    29 |    99 |   186 |   211 ||   534
       Morningstar       |       |       |    59 |   782 |   228 ||  1069
       Dire flail        |       |       |       |       |   625 ||   625
 Fire: Hunting sling     |       |     3 |    12 |    49 |    22 ||    86
Invok: Berserk           |     2 |     3 |     4 |     8 |     5 ||    22
       Trog's Hand       |       |       |     2 |     3 |     6 ||    11
       Brothers in Arms  |       |       |       |     2 |     5 ||     7
       Burn Spellbooks   |       |       |       |       |     1 ||     1
Evoke: Wand              |       |       |       |    34 |       ||    34
  Use: Potion            |       |       |       |     5 |    10 ||    15
       Scroll            |       |       |       |     3 |    27 ||    30
 Stab: Sleeping          |     1 |       |       |       |       ||     1
  Eat: Chunk             |     3 |     8 |    19 |    22 |    15 ||    67
       Ration            |       |       |     2 |     6 |     8 ||    16
Armor: Animal skin       |     6 |       |       |       |       ||     6
       Plate armour      |    13 |   103 |   318 |   553 |   490 ||  1477
Dodge: Dodged            |    34 |    45 |   196 |   307 |   331 ||   913

Table legend:
 A = Spawn XP
 B = Non-spawn XP
 C = Spawn XP percentage of total XP
 D = Spawn monster count
 E = Non-spawn monster count
 F = Spawn count percentage of total count
 G = Total turns spent on level
                    A         B        C        D         E        F      G
               +---------+---------+-------+---------+---------+-------+---------
         Total |       0 |   99041 |   0.0 |       0 |     689 |   0.0 | 28695
               +---------+---------+-------+---------+---------+-------+---------
           D:1 |       0 |      26 |   0.0 |       0 |      18 |   0.0 |  1195
           D:2 |       0 |     115 |   0.0 |       0 |      16 |   0.0 |   810
           D:3 |       0 |     141 |   0.0 |       0 |      25 |   0.0 |   810
           D:4 |       0 |     914 |   0.0 |       0 |      72 |   0.0 |  1839
           D:5 |       0 |     955 |   0.0 |       0 |      25 |   0.0 |  1560
           D:6 |       0 |    1419 |   0.0 |       0 |      24 |   0.0 |  1383
           D:7 |       0 |    1355 |   0.0 |       0 |      24 |   0.0 |   903
           D:8 |       0 |    1905 |   0.0 |       0 |      28 |   0.0 |  1296
           D:9 |       0 |    1879 |   0.0 |       0 |      37 |   0.0 |  1350
          D:10 |       0 |    8334 |   0.0 |       0 |      74 |   0.0 |  2500
          D:11 |       0 |    5760 |   0.0 |       0 |      31 |   0.0 |  1638
          D:12 |       0 |   11348 |   0.0 |       0 |      44 |   0.0 |  1423
        Lair:1 |       0 |    5671 |   0.0 |       0 |      17 |   0.0 |  1222
        Lair:2 |       0 |    4828 |   0.0 |       0 |      17 |   0.0 |  1121
        Lair:3 |       0 |    4017 |   0.0 |       0 |      14 |   0.0 |   972
        Lair:4 |       0 |    7438 |   0.0 |       0 |      24 |   0.0 |  2140
        Lair:5 |       0 |   15622 |   0.0 |       0 |      74 |   0.0 |  1330
        Lair:6 |       0 |   13299 |   0.0 |       0 |      40 |   0.0 |  1737
       Ossuary |       0 |     333 |   0.0 |       0 |      30 |   0.0 |   626
         IceCv |       0 |    8833 |   0.0 |       0 |      36 |   0.0 |  2169
       Volcano |       0 |    4849 |   0.0 |       0 |      19 |   0.0 |   513
               +---------+---------+-------+---------+---------+-------+---------
